 Dungeon Crawl Stone Soup version 0.32-a0-699-g1ee5eff (webtiles) character file.

Game seed: 13788177102464135551

20517 Toastz the Jinx (level 12, -2/86 (92) HPs)
             Began as a Vampire Enchanter on Mar 13, 2024.
             Was an Initiate of Gozag.
             Slain by a spectral six-headed hydra (10 damage)
             ... in a Gauntlet.
             The game lasted 00:42:27 (12621 turns).

Toastz the Jinx (Vampire Enchanter)                Turns: 12621, Time: 00:42:28

HP:   -2/86 (92)    AC: 12    Str:  7    XL:     12   Next: 46%
MP:   13/21         EV: 20    Int: 28    God:    Gozag
Gold: 1350          SH:  0    Dex: 15    Spells: 7/23 levels left

rFire   + . .        a - +2 dagger (venom)
rCold   . . .        (no shield)
rNeg    . . .        C - +2 leather armour {rF+}
rPois   .            (no helmet)
rElec   .            l - +1 cloak
rCorr   .            u - +1 pair of gloves
SInv    +            q - +1 pair of boots
Will    +....        (no amulet)
Stlth   +++++        N - +5 ring of evasion
HPRegen 0.54/turn    k - +6 ring of intelligence
MPRegen 0.17/turn

%: no teleportation
@: mighty, healing quickly, slowed, drained, invisible, very slow
A: alive, fangs 3, see invisible, vampiric 2
a: Exsanguinate, Renounce Religion, Potion Petition, Call Merchant, Bribe Branch


You were in a Gauntlet.
You worshipped Gozag.
Gozag was most pleased with you.
You visited 2 branches of the dungeon, and saw 11 of its levels.
You also visited: Gauntlet.

You collected 2532 gold pieces.
You spent 126 gold pieces at shops.
You paid 1056 gold pieces to Gozag.

Inventory:

Hand Weapons
 a - a +2 dagger of venom (weapon)
 b - a +3 short sword
Missiles
 s - 17 poisoned darts
 Q - 2 curare-tipped darts
 S - a throwing net
 W - 6 datura-tipped darts
Armour
 l - a +1 cloak (worn)
 q - a +1 pair of boots (worn)
 t - a scarf of repulsion
 u - a +1 pair of gloves (worn)
 A - the +0 pair of boots of Iqoideb {Will+ MP+9}
   (You found it in a Gauntlet)

   Will+:     It increases your willpower.
   MP+9:      It affects your magic capacity (+9).
 C - a +2 leather armour of fire resistance (worn)
 K - an orb of mayhem
Jewellery
 h - a ring of poison resistance
 k - a +6 ring of intelligence (right hand)
 F - a ring of positive energy
 J - a ring of flight
 M - a ring of willpower
 N - a +5 ring of evasion (left hand)
 O - a ring of fire
Wands
 w - a wand of flame (18)
 y - a wand of mindburst (27) (quivered)
 E - a wand of paralysis (20)
 L - a wand of warping (24)
Scrolls
 f - a scroll of revelation
 g - 2 scrolls of immolation
 i - 7 scrolls of amnesia
 j - 4 scrolls of poison
 m - 2 scrolls of butterflies
 n - 4 scrolls of teleportation
 p - 2 scrolls of fear
 r - 3 scrolls of vulnerability {unknown}
 v - a scroll of brand weapon {unknown}
 z - a scroll of noise {unknown}
 B - a scroll of fog
 P - 2 scrolls of torment {unknown}
 R - a scroll of acquirement {unknown}
Potions
 c - 3 potions of invisibility
 d - 2 potions of curing
 e - a potion of haste
 o - a potion of ambrosia {unknown}
 D - a potion of berserk rage {unknown}
 G - a potion of enlightenment {unknown}
 H - a potion of resistance {unknown}
 U - a potion of lignification {unknown}
 V - 3 potions of brilliance {unknown}
Miscellaneous
 x - a sack of spiders


   Skills:
 + Level 7.8 Fighting
 - Level 10.0 Short Blades
 - Level 4.0 Armour
 - Level 10.0 Dodging
 + Level 11.6 Stealth
 - Level 6.0 Spellcasting
 - Level 3.0 Conjurations
 - Level 12.0 Hexes
 + Level 4.3 Ice Magic


You had 7 spell levels left.
You knew the following spells:

 Your Spells              Type           Power      Damage    Failure   Level
a - Ensorcelled Hibernat  Hex/Ice        100%       N/A       1%          2
b - Confusing Touch       Hex            66%        N/A       1%          3
c - Tukima's Dance        Hex            66%        N/A       1%          3
d - Dazzling Flash        Conj/Hex       100%       N/A       1%          3
e - Metabolic Englaciati  Hex/Ice        26%        N/A       9%          5

Your spell library contained the following spells:

 Spells                   Type           Power      Damage    Failure   Level
 Leda's Liquefaction      Alch/Erth      4%         N/A       65%         4
 Petrify                  Alch/Erth      8%         N/A       65%         4
 Lee's Rapid Deconstruct  Erth           4%         3d5*      94%         5
 Permafrost Eruption      Ice/Erth       10%        2x4d4     99%         6
 Sculpt Simulacrum        Ice/Alch       10%        N/A       99%         6
 Ozocubu's Refrigeration  Ice            16%        4d11      100%        7
 Polar Vortex             Ice            16%        12d2*     100%        9


Dungeon Overview and Level Annotations

Branches:
Dungeon (8/15)             Temple (0/1) D:4            Lair (3/5) D:8
 Spider (0/4) Lair:2      Gauntlet (1/1)
  Swamp: Lair:2-3    Shoals: Lair:2-3

Altars:
Ashenzari
Dithmenos
Fedhas
Gozag
Hepliaklqana
Nemelex Xobeh
Uskayaw
Wu Jian

Shops:
D:3 **   D:5 (   D:8 (   Lair:1 (

Annotations:
Gauntlet 13 transporters


Innate Abilities, Weirdness & Mutations

Your natural rate of healing is accelerated.
You have razor-sharp teeth.
You have supernaturally acute eyesight. (SInv)
You are afflicted with vampirism and can become a bat while bloodless.


Message History

The spectral black mamba bites you! The death scarab misses you.
The spectral black mamba misses you.
The spectral six-headed hydra closely misses you.
The spectral six-headed hydra barely misses you.
The spectral six-headed hydra bites you.
* * * LOW HITPOINT WARNING * * *
The spectral six-headed hydra barely misses you. x2
The spectral six-headed hydra closely misses you.
The spectral black mamba barely misses you.
The death scarab barely misses you.
You catch the helpless death scarab completely off-guard!
You hit the death scarab but do no damage.
The death scarab closely misses you.
The spectral black mamba barely misses you.
The spectral six-headed hydra bites you.
* * * LOW HITPOINT WARNING * * *
The spectral six-headed hydra barely misses you.
The spectral six-headed hydra closely misses you.
The spectral six-headed hydra bites you.
* * * LOW HITPOINT WARNING * * *
The spectral six-headed hydra bites you but does no damage.
The spectral six-headed hydra closely misses you.
The death scarab bites you but does no damage.
You catch the helpless death scarab completely off-guard!
You hit the death scarab but do no damage.
The death scarab appears confused.
The spectral black mamba bites you!
* * * LOW HITPOINT WARNING * * *
You feel drained.
* * * LOW HITPOINT WARNING * * *
The death scarab completely misses you.
The spectral torpor snail barely misses you.
The spectral black mamba misses you.
The spectral six-headed hydra misses you.
The spectral six-headed hydra barely misses you.
The spectral six-headed hydra closely misses you.
The spectral six-headed hydra bites you but does no damage.
The spectral six-headed hydra barely misses you.
The spectral six-headed hydra bites you!
You die...
Your body crumbles into a pile of gold.

.........#.#........#####
...#######.#######.....≈###
...#©...........©#......#ß#
######################..###
p5:.©![.5#≈#...$©/"..#..#
#.##.###.#§#.........#..###
5.#####.##≈#.....B...#..#ß#
p5....#..#≈#.........#..###
.##.##.###ß#...B@....#..#
5#..##©###§#...ZZZ...#..###
p5#......#§#.........#..#ß#
##5##5##p#≈#.........#..###
##5##5##p#§#.........#..#
######################..###
...#©...........©#......#ß#
...#######.#######.....≈###
.........#.#........#####


You could see a spectral black mamba, a spectral six-headed hydra, a spectral
torpor snail and 2 death scarabs.

Vanquished Creatures
  A hydra (Lair:3)
  Sonja (Lair:2)
  Maurice (D:7)
  6 elephants (Lair:1)
  A meliai (Lair:2)
  A black mamba (Lair:1)
  A rust devil (Gauntlet)
  5 cane toads
  A rime drake (D:8)
  Jeremiah (D:8)
  5 komodo dragons
  35 yaks
  A ynoxinul (Gauntlet)
  3 basilisks
  2 steam dragons (D:8)
  8 water moccasins
  2 orc warriors (D:8)
  3 ice beasts
  2 black bears
  2 sky beasts
  14 wolves (Lair:2)
  5 centaurs
  2 phantoms
  13 bullfrogs
  A gnoll sergeant (D:7)
  3 scorpions
  4 wights (D:6)
  5 killer bees
  2 howler monkeys
  2 jellies (D:8)
  6 orc priests
  A hound (D:6)
  2 iron imps (Gauntlet)
  6 iguanas
  2 sleepcaps (D:6)
  8 orc wizards
  2 gnolls (D:8)
  7 adders
  2 shadow imps
  3 white imps
  3 dart slugs
  A ribbon worm (D:2)
  22 orcs
  7 endoplasms
  A giant cockroach (D:4)
  6 goblins
  6 hobgoblins
  14 jackals
  8 kobolds
  A quokka (D:3)
  8 ball pythons
  6 bats
  3 frilled lizards
  3 rats
261 creatures vanquished.

Vanquished Creatures (collateral kills)
  Joseph (D:8)
  Maggie (D:6)
  Sigmund (D:6)
  An ogre (D:7)
  5 wights (D:8)
  A gnoll (D:8)
  An orc (D:6)
11 creatures vanquished.

Vanquished Creatures (others)
  4 dancing weapons
  An orc warrior (D:7)
  An orc (D:8)
6 creatures vanquished.

Grand Total: 278 creatures vanquished

Notes
Turn   | Place    | Note
-------+----------+-------------------------------------------
     0 | D:1      | Toastz the Vampire Enchanter began the quest for the Orb.
     0 | D:1      | Reached XP level 1. HP: 13/13 MP: 3/3
   312 | D:1      | Reached XP level 2. HP: 5/19 MP: 5/5
   441 | D:1      | Learned a level 2 spell: Ensorcelled Hibernation
   796 | D:2      | Reached skill level 5 in Hexes
   896 | D:2      | Gained mutation: You are afflicted with vampirism and can
                  | become a bat while bloodless. [Vampire growth]
   896 | D:2      | Reached XP level 3. HP: 24/24 MP: 3/6
   979 | D:2      | Learned a level 3 spell: Confusing Touch
  1282 | D:2      | Found a faded altar of an unknown god.
  1487 | D:3      | Reached skill level 1 in Ice Magic
  1504 | D:3      | Reached XP level 4. HP: 23/31 MP: 1/7
  2115 | D:3      | Found Gozag's Platinum Reserve.
  2119 | D:3      | Found an opulent altar of Gozag.
  2172 | D:3      | Reached skill level 6 in Hexes
  2183 | D:3      | Became a worshipper of Gozag Ym Sagoz the Greedy
  2442 | D:3      | Found Vuil Gay's Assorted Antiques.
  2447 | D:3      | Bought a pair of gloves for 126 gold pieces
  2683 | D:4      | Reached skill level 1 in Fighting
  2683 | D:4      | Reached XP level 5. HP: 37/37 MP: 5/8
  3061 | D:4      | Found a staircase to the Ecumenical Temple.
  3274 | D:5      | Entered Level 5 of the Dungeon
  3304 | D:5      | Reached skill level 7 in Hexes
  3304 | D:5      | Reached XP level 6. HP: 44/44 MP: 4/9
  3352 | D:5      | Found Dasyinumo's Antique Weapon Emporium.
  3388 | D:5      | Noticed an ice beast
  3401 | D:5      | Killed an ice beast
  3484 | D:5      | Found a broken altar of Ashenzari.
  3678 | D:5      | Reached XP level 7. HP: 51/51 MP: 4/10
  3796 | D:5      | Learned a level 3 spell: Tukima's Dance
  4312 | D:6      | Reached skill level 5 in Stealth
  4384 | D:6      | Noticed Sigmund
  4435 | D:6      | Reached skill level 8 in Hexes
  4443 | D:6      | Killed Sigmund
  4444 | D:6      | Reached skill level 1 in Armour
  4550 | D:6      | Reached XP level 8. HP: 31/58 MP: 6/11
  4619 | D:6      | Reached skill level 5 in Short Blades
  4629 | D:6      | Reached skill level 9 in Hexes
  4923 | D:6      | Noticed Maggie
  4928 | D:6      | Reached skill level 10 in Hexes
  4937 | D:6      | Killed Maggie
  5226 | D:6      | Reached XP level 9. HP: 63/63 MP: 9/12
  5332 | D:5      | Learned a level 3 spell: Dazzling Flash
  5395 | D:6      | Reached skill level 1 in Conjurations
  5549 | D:6      | Found a hide-covered altar of Uskayaw.
  5550 | D:6      | Found an ornate altar of the Wu Jian Council.
  5946 | D:7      | Noticed Maurice
  5953 | D:7      | Maurice stole a ring of positive energy
  5954 | D:7      | Maurice stole 694 gold
  5957 | D:7      | Maurice stole a +3 short sword
  5961 | D:7      | Maurice stole 13 poisoned darts
  5975 | D:7      | Killed Maurice
  6329 | D:7      | Found a sparkling altar of Nemelex Xobeh.
  6354 | D:7      | Reached skill level 11 in Hexes
  6447 | D:7      | Reached XP level 10. HP: 70/72 MP: 7/15
  6508 | D:7      | Reached skill level 10 in Short Blades
  7201 | D:8      | Found a hazy altar of Hepliaklqana.
  7202 | D:8      | Found a shadowy altar of Dithmenos.
  7353 | D:8      | Noticed Jeremiah
  7402 | D:8      | Killed Jeremiah
  7499 | D:8      | Reached skill level 5 in Fighting
  7651 | D:8      | Found a blossoming altar of Fedhas.
  7869 | D:8      | Noticed Joseph
  7958 | D:7      | Reached skill level 12 in Hexes
  8096 | D:8      | Killed Joseph
  8362 | D:8      | Identified the +7 chain mail of Sloth {rF- rCorr Int+7
                  | Dex-5}
  8534 | D:8      | Found a staircase to the Lair.
  8547 | D:8      | Reached skill level 10 in Stealth
  8576 | Lair:1   | Entered Level 1 of the Lair of Beasts
  8579 | Lair:1   | Noticed a cane toad
  8588 | Lair:1   | Killed a cane toad
  8589 | Lair:1   | Reached skill level 5 in Dodging
  8682 | D:8      | Reached XP level 11. HP: 27/81 MP: 4/17
  9656 | Lair:1   | Reached skill level 5 in Spellcasting
 10389 | Lair:2   | Found a hole to the Spider Nest.
 10401 | Lair:2   | Learned a level 5 spell: Metabolic Englaciation
 10574 | Lair:2   | Reached XP level 12. HP: 91/91 MP: 18/21
 10919 | Lair:2   | Noticed Sonja
 10926 | Lair:2   | Killed Sonja
 11165 | Lair:2   | Reached skill level 10 in Dodging
 11293 | Lair:2   | Identified the +8 hand axe "Waunlo" {vamp, ^Fragile rPois
                  | rCorr MP+9 Dex+5}
 11636 | Lair:3   | Noticed a six-headed hydra
 11640 | Lair:3   | Killed a six-headed hydra
 12102 | Lair:3   | Found a gate leading to a gauntlet.
 12133 | Gauntlet | Entered a Gauntlet
 12133 | Gauntlet | Found a transporter.
 12133 | Gauntlet | Found a transporter.
 12137 | Gauntlet | Found a transporter.
 12137 | Gauntlet | Found a transporter.
 12161 | Gauntlet | Found a transporter.
 12170 | Gauntlet | Noticed a ghost crab
 12171 | Gauntlet | Found a transporter.
 12171 | Gauntlet | Found a transporter.
 12195 | Gauntlet | Found a transporter.
 12204 | Gauntlet | Found a transporter.
 12218 | Gauntlet | Found a transporter.
 12236 | Gauntlet | Found a transporter.
 12242 | Gauntlet | Noticed a quicksilver ooze
 12282 | Gauntlet | Found a transporter.
 12298 | Gauntlet | Found a transporter.
 12382 | Gauntlet | Found a transporter.
 12397 | Gauntlet | Found a transporter.
 12401 | Gauntlet | Noticed a death scarab
 12407 | Gauntlet | Noticed a death scarab
 12411 | Gauntlet | Found a transporter.
 12598 | Gauntlet | Identified the +0 pair of boots of Iqoideb {Will+ MP+9}
 12621 | Gauntlet | Slain by a spectral six-headed hydra

Illustrated notes

Levels and vault maps discovered:
D:1:      mrwooster_arrival_statue_3, layout_basic, serial_park_tiny_pond
D:2:      layout_rooms, hellmonk_ecumenical_altar_inner_sanctum
D:3:      layout_basic, nicolae_gozag_zags_fifth_avenue, serial_shops, shop
D:4:      minmay_spotlight, layout_cave_pools, minmay_temple_entry_fiery,
          hex_medium, hangedman_decor_push
D:5:      layout_loops_ring, nicolae_overflow_crystal_walls, serial_shops,
          nicolae_shop_rolling_square
D:6:      layout_loops_cross, mainiacjoe_overflow_divided_tiny, uniq_maggie,
          uniq_sigmund
D:7:      layout_rooms, mainiacjoe_overflow_tiny_flanked, uniq_maurice
D:8:      minmay_octagon_keep, layout_loops_ring,
          riverfiend_overflow_shadow_ancestor,
          mainiacjoe_overflow_six_doors_small, david_lair_shrubbed, uniq_joseph,
          uniq_jeremiah
Lair:1:   layout_big_grid, beast_lair_carwin_1
Lair:2:   layout_layer_cave, hellmonk_spider_entry_not_the_bees, uniq_sonja
Lair:3:   layout_roguey, mainiacjoe_swamp_entry_angry_trees,
          gauntlet_entry_generic, chequers_serial_rivers_small_3, st_stairs_8
Gauntlet: gammafunk_gauntlet_branching [nicolae_gauntlet_arena_grate_2,
          gammafunk_gauntlet_arena_split_diamond, gammafunk_gauntlet_arena_open,
          gammafunk_gauntlet_arena_crates, gammafunk_gauntlet_arena_grid,
          nicolae_gauntlet_swirl, gammafunk_gauntlet_arena_hedges,
          gammafunk_gauntlet_arena_split_x, gauntlet_exit_hidden_loot]

Skill      XL: |  1  2  3  4  5  6  7  8  9 10 11 12 |
---------------+-------------------------------------+-----
Hexes          | 5 6 7 8 10 11 12 | 12.0
Ice Magic      | 1 2 4 |  4.3
Short Blades   | 2 3 4 8 9 10 | 10.0
Dodging        | 3 4 5 9 10 | 10.0
Fighting       | 1 2 3 4 5 7 |  7.8
Stealth        | 6 10 11 | 11.6
Armour         | 1 2 3 4 |  4.0
Conjurations   | 2 3 |  3.0
Spellcasting   | 3 4 6 |  6.0

Action                     |  1- 3 |  4- 6 |  7- 9 | 10-12 || total
---------------------------+-------+-------+-------+-------++-------
  Melee: Dagger            |   118 |   142 |   240 |   438 ||   938
         Bite              |     8 |    14 |    38 |    62 ||   122
         Short sword       |       |       |    17 |    14 ||    31
   Cast: Ensorcelled Hiber |    14 |    26 |    40 |    89 ||   169
         Confusing Touch   |       |     2 |    15 |    25 ||    42
         Tukima's Dance    |       |       |     4 |    17 ||    21
         Dazzling Flash    |       |       |     2 |    20 ||    22
         Metabolic Englaci |       |       |       |     6 ||     6
 Invoke: Call Merchant     |       |       |       |     1 ||     1
         Potion Petition   |       |       |       |     1 ||     1
  Evoke: Wand              |       |     3 |     2 |     2 ||     7
    Use: Scroll            |     3 |     2 |     2 |     9 ||    16
         Potion            |       |       |     1 |       ||     1
   Stab: Sleeping          |    19 |    23 |    25 |    62 ||   129
         Confused          |       |     3 |    14 |    22 ||    39
         Distracted        |       |       |     1 |     4 ||     5
         Invisible         |       |       |     4 |    26 ||    30
 Armour: Robe              |    62 |    92 |    22 |       ||   176
         Leather armour    |       |       |   113 |   221 ||   334
  Dodge: Dodged            |    94 |    76 |   143 |   364 ||   677

Table legend: (Time is in decaauts)
 A = Elapsed time spent in this place.
 B = Non-inter-level travel time spent in this place.
 C = Inter-level travel time spent in this place.
 D = Time resting spent in this place.
 E = Time spent auto-exploring this place.
 F = Levels seen in this place.
 G = Mean time per level.
                   A        B        C        D        E       F      G
               +--------+--------+--------+--------+--------+-----+--------+
         Total |  12292 |  11898 |    394 |   2823 |   6047 |  12 | 1024.3 |
       Dungeon |   8605 |   8258 |    347 |   1884 |   4455 |   8 | 1075.6 |
          Lair |   3208 |   3161 |     47 |    889 |   1302 |   3 | 1069.3 |
      Gauntlet |    479 |    479 |      0 |     50 |    290 |   1 |  479.0 |
               +--------+--------+--------+--------+--------+-----+--------+

Top non-repeatable levels by time:
     D:8: 1551 daAuts
  Lair:2: 1442 daAuts
     D:6: 1376 daAuts
     D:7: 1300 daAuts
  Lair:1: 1286 daAuts
     D:5: 1075 daAuts
     D:3: 1023 daAuts
     D:1: 824 daAuts
     D:4: 809 daAuts
     D:2: 645 daAuts
Gauntlet: 479 daAuts
  Lair:3: 478 daAuts
